[Event "*** Titled Tuesday Blitz"]
[Site "Chess.com"]
[Date "2020.04.14"]
[Round "8"]
[White "Gentlejimmy7"]
[Black "kintoho"]
[Result "1-0"]
[WhiteElo "2649"]
[BlackElo "2454"]
[TimeControl "180+1"]
[EndTime "11:30:02 PDT"]
[Termination "Gentlejimmy7 won by resignation"]

1. d4 g6 2. g3 Bg7 3. Bg2 c5 4. Nf3 cxd4 5. Nxd4 Nc6 6. Nxc6 bxc6 7. c4 Rb8 8. Nc3 Bxc3+ 9. bxc3 Qa5 10. Qd3 Nf6 11.
Bh6 Ba6 12. O-O Qc5 13. Rab1 Rd8 14. Rb4 d5 15. Be3 Qd6 16. c5 Bxd3 17. cxd6 Ba6 18. dxe7 Kxe7 19. Bxa7 Nd7 20. Re1 Rhe8 21. e4 Kf8 22.
Re3 c5 23. Ra4 Bb7 24. exd5 Rxe3 25. fxe3 Ke7 26. d6+ Kxd6 27. Bxb7 Ne5 28. Kf2 f5 29. Bf3 Nd3+ 30. Ke2 Ke5 31. Rd4 Nc1+ 32. Kd2 cxd4 33.
Bxd4+ Kd6 34. Kxc1 g5 35. c4 h5 36. c5+ Ke6 37. Bxh5 f4 38. Bg4+ Kd5 39. Bf3+ Kc4 40.
c6 fxe3 41. c7 Rc8 42. Be5 Kd3 43. Kd1 Re8 44. Be2+ Ke4 45. Ba6 Kxe5 46. c8=Q Rxc8 47. Bxc8 Ke4 48. Ke2 Kd4 49. h4 gxh4 50. gxh4 Ke4 51. h5 Ke5 52. a4 Kf6 53. a5 Kg5 54. a6 Kxh5 55. a7 Kg5 56. a8=Q Kf4 1-0

[Event "*** Titled Tuesday Blitz"]
[Site "Chess.com"]
[Date "2020.04.14"]
[Round "8"]
[White "pirulillo"]
[Black "TengisChess"]
[Result "0-1"]
[WhiteElo "2190"]
[BlackElo "2401"]
[TimeControl "180+1"]
[EndTime "11:30:02 PDT"]
[Termination "TengisChess won on time"]

1. e4 c6 2. d3 d5 3. Nd2 Nf6 4. Ngf3 g6 5. g3 Bg7 6. Bg2 O-O 7. O-O Bg4 8. Qe2 e6 9. h3 Bxf3 10. Nxf3 c5 11. e5 Nfd7 12. Bf4 Nc6 13. h4 b5 14.
Rfe1 a5 15. a4 b4 16. c3 Rb8 17. h5 bxc3 18. bxc3 Rb3 19. Rac1 Qb6 20. Qd2 Rb2 21. Rc2 Rxc2 22. Qxc2 Rb8 23. hxg6 hxg6 24. Bf1 Qb2 25.
Qxb2 Rxb2 26. d4 c4 27. Ra1 Rc2 28. Bd2 Rb2 29. Be2 Bf8 30. Bd1 Kh7 31. Bc1 Rb7 32. Bc2 Bh6 33. Bxh6 Kxh6 34. Rb1 Rxb1+ 35.
Bxb1 g5 36. Bc2 g4 37. Nd2 f6 38. exf6 Nxf6 39. Kf1 Nd7 40. Ke2 Nb6 41. Nf1 Kg5 42.
Ne3 e5 43. dxe5 Nxe5 44. Bd1 Nd3 45. Bc2 Nc5 46. Bd1 Ne4 47. Kf1 Nxc3 48. Bxg4 d4 49. f4+ Kf6 50. Nc2 d3 51. Nd4 Ncxa4 52. Bd1 Nc3 53.
Ke1 a4 54. g4 a3 55. g5+ Ke7 56. f5 a2 57. f6+ Kf7 58. Bh5+ Kg8 59. f7+ Kf8 60. Ne6+ Ke7 61. f8=Q+ Kxe6 62. Qh8 a1=Q+ 63. Kf2 Ne4+ 64. Ke3 Qxh8 65. Kxe4 Qe5+ 66. Kf3 Qxg5 0-1

[Event "*** Titled Tuesday Blitz"]
[Site "Chess.com"]
[Date "2020.04.14"]
[Round "8"]
[White "blazingbanana"]
[Black "lrestevez"]
[Result "1-0"]
[WhiteElo "2396"]
[BlackElo "2167"]
[TimeControl "180+1"]
[EndTime "11:30:02 PDT"]
[Termination "blazingbanana won on time"]

1. d4 Nc6 2. c4 e5 3. d5 Nce7 4.
Nc3 Ng6 5. e4 Bc5 6. Be3 Bxe3 7.
fxe3 d6 8. Qd2 Nf6 9. O-O-O O-O 10. Nf3 a6 11. h3 Bd7 12. g4 b5 13. Bd3 bxc4 14. Bxc4 Bb5 15. Bd3 Rb8 16. Rdg1 Bxd3 17. Qxd3 Nd7 18. h4 Nc5 19. Qc2 Qf6 20. Rf1 Qd8 21. h5 Ne7 22. g5 c6 23. Nh4 cxd5 24.
exd5 Rc8 25. g6 e4 26. gxh7+ Kh8 27. Rfg1 Nxd5 28. Kb1 Nxc3+ 29. Qxc3 Ne6 30. Qd2 Qf6 31. Rf1 Qe5 32. Rf5 Qg3 33. h6 g6 34. Rff1 Nc5 35.
Qd4+ Qe5 36. Qxe5+ dxe5 37. Rf6 Kxh7 38. Rhf1 Nd3 39.
Nxg6 fxg6 40. Rxf8 Rc7 41. Rh1 Rd7 42. b3 Nf2 43.
Rxf2 1-0

[Event "*** Titled Tuesday Blitz"]
[Site "Chess.com"]
[Date "2020.04.14"]
[Round "8"]
[White "aa175"]
[Black "TV27"]
[Result "0-1"]
[WhiteElo "2357"]
[BlackElo "2104"]
[TimeControl "180+1"]
[EndTime "11:30:02 PDT"]
[Termination "TV27 won on time"]

1. d4 f5 2. c4 Nf6 3. Nc3 b6 4.
Nf3 Bb7 5. g3 e6 6. Bg2 Bb4 7. O-O O-O 8. Qc2 Bxc3 9. Qxc3 Ne4 10. Qc2 d5 11. Bf4 c6 12. a4 Nd7 13. a5 g5 14. a6 Bxa6 15. Rxa6 gxf4 16. cxd5 cxd5 17.
gxf4 Qc8 18. Qa4 Qc7 19. Ne5 Nxe5 20. fxe5 Kh8 21. Ra1 Rf7 22. Qa3 Rg7 23. Kh1 Rxg2 24.
Kxg2 Qg7+ 25. Kf1 Rg8 26. Qg3 Nxg3+ 27. hxg3 Qh6 28. Kg2 f4 29. Rh1 Qg7 30. f3 Qxg3+ 31.
Kf1 Qg2+ 32. Ke1 Qxh1+ 33. Kd2 Qb1 34. Kc3 Qc1+ 35. Kb3 Qc4+ 36. Ka3 Qxa6+ 37. Kb3 Qc4+ 38. Ka3 Rg1 39. b3 Qa6+ 0-1

[Event "*** Titled Tuesday Blitz"]
[Site "Chess.com"]
[Date "2020.04.14"]
[Round "8"]
[White "eightbyeightchess"]
[Black "jposthuma"]
[Result "0-1"]
[WhiteElo "2400"]
[BlackElo "2589"]
[TimeControl "180+1"]
[EndTime "11:30:03 PDT"]
[Termination "jposthuma won by resignation"]

1. e4 c6 2. d4 d5 3. e5 c5 4.
dxc5 Nc6 5. Bb5 e6 6. Be3 Bd7 7. c3 Nxe5 8. Bxd7+ Nxd7 9. b4 g6 10. Nf3 Bg7 11. O-O Ne7 12. Nbd2 Bxc3 13. Bd4 Bxa1 14. Qxa1 O-O 15. Re1 Nf5 16. Bb2 a5 17. g4 Nh4 18.
Bg7 Re8 19. Bh6 Nxf3+ 20. Nxf3 Qf6 21. Ne5 Nxe5 22. Rxe5 axb4 23. g5 Rxa2 24. Qe1 Qf3 25. Re3 Qg4+ 26. Rg3 Qd4 27. Kg2 Qe4+ 28. Qxe4 dxe4 29.
Rb3 Ra4 30. Re3 f5 31. gxf6 Kf7 32. Rxe4 Kxf6 33. h4 Rc8 34. Bd2 Rxc5 35. Bxb4 Rca5 36. Rf4+ Ke5 37. Kg3 Kd5 38. Bxa5 Rxa5 39. Rf7 Kc6 40. Rxh7 b5 41. Re7 Kd5 42. Rb7 Kc4 43. Rc7+ Kb3 44. Re7 Ra6 45. Rb7 b4 46. Kf4 Kc3 47. Kg5 e5 48. Rb6 Rxb6 49. f3 b3 50. h5 gxh5 51. f4 b2 52. fxe5 b1=Q 53. e6 Qg6+ 54. Kxg6 Rxe6+ 55. Kf7 Re5 56. Kf6 Rb5 57. Ke6 Kc4 58. Kd6 Rd5+ 59. Kc6 h4 60. Kb6 h3 61. Kc6 h2 0-1

[Event "*** Titled Tuesday Blitz"]
[Site "Chess.com"]
[Date "2020.04.14"]
[Round "8"]
[White "Manukyan_Artak"]
[Black "claudyna16"]
[Result "1-0"]
[WhiteElo "2341"]
[BlackElo "2507"]
[TimeControl "180+1"]
[EndTime "11:30:03 PDT"]
[Termination "Manukyan_Artak won by resignation"]

1. e4 e5 2. Nf3 Nc6 3. d4 exd4 4. Nxd4 Nf6 5. Nxc6 bxc6 6. e5 Qe7 7. Qe2 Nd5 8. c4 Ba6 9. b3 g6 10. Bb2 Bg7 11.
g3 O-O 12. Bg2 Rae8 13. O-O Bxe5 14. Qxe5 Qxe5 15. Bxe5 Rxe5 16. cxd5 Bxf1 17. Kxf1 cxd5 18. Nc3 c6 19. Rc1 Rfe8 20. Bf3 f5 21. Na4 Kf7 22.
Nc5 Ke7 23. b4 Kd6 24. h4 Rb8 25. Be2 Re7 26. a3 Ra8 27. Na6 Re4 28. Bd3 Rd4 29. Ke2 Re8+ 30. Kd2 f4 31. Nc5 fxg3 32. fxg3 Kc7 33. Rg1 d6 34. Nb3 Rg4 35. Nc1 c5 36. Ne2 c4 37. Bc2 d4 38. Nf4 d3 39. Bd1 Rxf4 40.
gxf4 d5 41. Kc3 Kd6 42. h5 gxh5 43. Bxh5 Re4 44. Rf1 Ke6 45. b5 Kf6 46. a4 Re7 47.
Bf3 Rd7 48. a5 Rb7 49. Rb1 Ke6 50. Kd4 Rd7 51. b6 axb6 52. axb6 Rd8 53. b7 Rb8 54. Bxd5+ Kf5 55. Kxc4 d2 56. Rd1 Kxf4 57. Rxd2 1-0

[Event "*** Titled Tuesday Blitz"]
[Site "Chess.com"]
[Date "2020.04.14"]
[Round "8"]
[White "kreonx"]
[Black "GameOverBro"]
[Result "0-1"]
[WhiteElo "2231"]
[BlackElo "2557"]
[TimeControl "180+1"]
[EndTime "11:30:03 PDT"]
[Termination "GameOverBro won on time"]

1. e4 d6 2. Nc3 Nf6 3. g3 c5 4. Bg2 g6 5. d3 Bg7 6. Nge2 O-O 7.
h3 Nc6 8. f4 Rb8 9. O-O Ne8 10.
g4 b5 11. Ng3 b4 12. Nce2 Nc7 13. g5 Nd4 14. Nxd4 cxd4 15. f5 d5 16. exd5 Nxd5 17.
Qf3 Bb7 18. Qg4 Ne3 19. Bxe3 Bxg2 20. f6 exf6 21. gxf6 Bxf6 22. Bh6 Bxf1 23. Bxf8 Bxh3 24. Qxh3 Qxf8 25. Rf1 Bg5 26. Ne4 Be3+ 27. Kg2 f5 28. Rh1 Rb7 29. Ng3 Qc5 30. Ne2 Qxc2 31. Qf3 Rc7 32. Kh3 Qc6 33. Qf1 g5 34. Rh2 g4+ 35. Kg3 Qd6+ 36. Kg2 Qd5+ 37. Kg3 Qe5+ 38. Kg2 Rc2 39.
Kh1 f4 40. Qg2 h5 41. Qa8+ Kg7 42. Qb7+ Rc7 0-1

[Event "*** Titled Tuesday Blitz"]
[Site "Chess.com"]
[Date "2020.04.14"]
[Round "8"]
[White "BelaKis"]
[Black "Enriquack"]
[Result "0-1"]
[WhiteElo "2090"]
[BlackElo "2295"]
[TimeControl "180+1"]
[EndTime "11:30:03 PDT"]
[Termination "Enriquack won on time"]

1. Nf3 Nf6 2. g3 g6 3. Bg2 Bg7 4. O-O O-O 5. d3 d6 6. c4 e5 7. Nc3 Nc6 8. Rb1 a5 9. a3 Bf5 10. b4 axb4 11. axb4 Qc8 12. b5 Ne7 13. e4 Bg4 14.
Be3 c6 15. bxc6 bxc6 16. Rb6 d5 17. Bc5 Qc7 18. Qb3 Bxf3 19. Bxf3 d4 20. Ne2 Rfb8 21.
Rb1 Nd7 22. Qb4 Bf8 23. Bg4 Nxc5 24. Rxb8 Nxd3 25. Rxa8 Nxb4 26. Rxb4 f5 27. Bf3 Kf7 28.
Rbb8 Bg7 29. Nc1 Qd6 30. Nd3 Qe6 31. c5 Qc4 32. Be2 Qc2 33. Bf1 fxe4 34. Nb4 d3 35. Rb7 Qxc5 36. Nxc6 Qxc6 37. Raa7 Qe6 38. Rd7 Bf6 39.
h3 Qf5 40. Kg2 g5 41. Kg1 Qf3 42. Bg2 Qe2 43. Kh2 d2 44. g4 d1=Q 45. Rxe7+ Bxe7 46. Rxe7+ Kxe7 0-1

[Event "*** Titled Tuesday Blitz"]
[Site "Chess.com"]
[Date "2020.04.14"]
[Round "8"]
[White "ChessQueen"]
[Black "Ind1anStar"]
[Result "1-0"]
[WhiteElo "2800"]
[BlackElo "2619"]
[TimeControl "180+1"]
[EndTime "11:30:04 PDT"]
[Termination "ChessQueen won by resignation"]

1. e4 e6 2. d4 d5 3. exd5 exd5 4.
Nf3 Nf6 5. Bd3 Bd6 6. Qe2+ Qe7 7. Qxe7+ Kxe7 8. O-O h6 9. Re1+ Be6 10. Nbd2 c6 11. a4 a5 12. Nf1 Re8 13. Ng3 Kf8 14. Ne5 Nbd7 15. f4 Nb6 16. c3 Bd7 17. h3 g6 18.
Bd2 Kg7 19. Re2 h5 20. b3 c5 21. dxc5 Bxc5+ 22. Kh2 Bc6 23. Rae1 Bd6 24. Be3 Nbd7 25. Bd4 h4 26. Nh1 Kf8 27. g4 g5 28. Nxd7+ Nxd7 29. Be5 Bxe5 30. fxe5 Nc5 31. Bc2 Ne4 32. c4 Nc3 33.
Rf2 dxc4 34. bxc4 Bxa4 35. Bg6 Re7 36. e6 Rd8 37. Bxf7 Kg7 38. Rf5 Rd2+ 39. Nf2 Kh6 40. Kg2 Bc6+ 41. Kf1 Nd1 42. Nxd1 Bg2+ 43. Kg1 Bxh3 44.
Nf2 Bxg4 45. Nxg4+ Kg7 46. Rxg5+ Kh7 47. Nf6+ 1-0

[Event "*** Titled Tuesday Blitz"]
[Site "Chess.com"]
[Date "2020.04.14"]
[Round "8"]
[White "Gahan-MG"]
[Black "hedgehog280"]
[Result "0-1"]
[WhiteElo "2538"]
[BlackElo "2671"]
[TimeControl "180+1"]
[EndTime "11:30:04 PDT"]
[Termination "hedgehog280 won by resignation"]

1. e4 c5 2. c3 g6 3. d4 d5 4. exd5 Qxd5 5. dxc5 Qxc5 6. Be3 Qc7 7. Na3 Bg7 8. Nb5 Qc6 9. Nf3 a6 10. Na7 Qc7 11.
Nxc8 Qxc8 12. Qa4+ Nc6 13. Be2 Nf6 14. O-O O-O 15. Rfd1 Qc7 16. h3 e6 17. Qh4 Ne7 18. Bd3 Nf5 19. Bxf5 exf5 20. Bh6 Ne4 21. Bxg7 Kxg7 22.
Re1 h6 23. Nd4 Rfe8 24. f3 Nc5 25. Rad1 Rad8 26. Qf2 Nd7 27. Rxe8 Rxe8 28. Re1 Rxe1+ 29. Qxe1 Qe5 30. Kf2 f4 31. Qxe5+ Nxe5 32. Ke2 Kf6 33. Nb3 b6 34. Nd4 Kg5 35. b3 Kh4 36. c4 h5 37. a4 Kg3 38. Kf1 Nd3 39. Ne2+ Kh2 40. Nc3 g5 41. Nd5 Nc5 42. Nxb6 Nxb3 43. Nd7 Nd2+ 44. Kf2 Nxc4 45. Nf6 a5 46. Ne4 Nb2 47. Nc3 f5 48. Kf1 g4 49. hxg4 fxg4 50. fxg4 hxg4 51. Ne2 f3 52. gxf3 gxf3 53. Nc3 Kg3 54. Ne4+ Kf4 55. Nc5 Ke3 56. Nb7 Nc4 57. Nc5 Nd2+ 58. Ke1 f2+ 59. Kd1 f1=Q+ 60. Kc2 Qc4+ 61. Kb2 Qxc5 0-1

[Event "*** Titled Tuesday Blitz"]
[Site "Chess.com"]
[Date "2020.04.14"]
[Round "8"]
[White "Vincent_Vega95"]
[Black "Casper_Schoppen"]
[Result "1-0"]
[WhiteElo "2794"]
[BlackElo "2980"]
[TimeControl "180+1"]
[EndTime "11:30:05 PDT"]
[Termination "Vincent_Vega95 won on time"]

1. Nf3 d5 2. d4 Nf6 3. c4 e6 4. Nc3 Bb4 5. e3 O-O 6. a3 Bxc3+ 7. bxc3 c5 8. cxd5 exd5 9. Bd3 b6 10. O-O Ba6 11.
Bxa6 Nxa6 12. Qd3 Nc7 13. Bb2 Ne6 14. Rad1 Rc8 15. Nd2 Re8 16. f3 h6 17. Rfe1 Qc7 18.
Rc1 Qb7 19. Nf1 Rc7 20. Ng3 cxd4 21. Nf5 Nc5 22. Qd1 dxe3 23. Nd6 Qc6 24. Nxe8 Qxe8 25. c4 Rd7 26. Bxf6 gxf6 27. cxd5 f5 28. Rc4 Qe5 29. Qd4 Re7 30. d6 Qxd4 31. Rxd4 Rd7 32. Rxe3 Ne6 33. Rd1 Kg7 34. Kf2 Kf6 35. g3 h5 36. f4 h4 37.
Re5 hxg3+ 38. hxg3 Nc5 39. Rdd5 Ne4+ 40. Kg2 Nxd6 41.
Rxf5+ Kg6 42. Rg5+ Kf6 43. Rgf5+ Kg6 44. Rfe5 Kf6 45. Re2 1-0

[Event "*** Titled Tuesday Blitz"]
[Site "Chess.com"]
[Date "2020.04.14"]
[Round "8"]
[White "frankshar"]
[Black "chidori_boruto"]
[Result "1/2-1/2"]
[WhiteElo "2251"]
[BlackElo "2618"]
[TimeControl "180+1"]
[EndTime "11:30:05 PDT"]
[Termination "Game drawn by repetition"]

1. d4 d5 2. c4 c6 3. Nf3 Nf6 4. e3 Bf5 5. Nc3 e6 6. Nh4 Bg6 7. Nxg6 hxg6 8. Qb3 Qc7 9. g3 Nbd7 10. Bg2 Be7 11.
Bd2 O-O 12. O-O dxc4 13. Qxc4 a6 14. Rac1 Rac8 15. e4 b5 16. Qe2 e5 17. d5 Qb6 18.
dxc6 Rxc6 19. Nd5 Nxd5 20. Rxc6 Qxc6 21. exd5 Qb6 22. Rc1 Bc5 23. b4 Bd4 24. Rc6 Qa7 25. d6 Nf6 26. Bg5 Rd8 27. Bxf6 gxf6 28. Bd5 Kg7 29.
Rc7 Qb6 30. Rxf7+ Kh6 31. Qe4 Bxf2+ 32. Kg2 Qd4 33. Qxd4 Bxd4 34. d7 f5 35. g4 fxg4 36.
Re7 Bc3 37. a3 a5 38. Bc6 axb4 39. Re8 Rxd7 40. Bxd7 bxa3 41. Be6 b4 42. Bb3 Kg5 43.
Re6 Kf5 44. Re8 Kg5 45. Kg3 Be1+ 46. Kg2 Bc3 1/2-1/2

[Event "*** Titled Tuesday Blitz"]
[Site "Chess.com"]
[Date "2020.04.14"]
[Round "8"]
[White "Hippotaner"]
[Black "Perimir"]
[Result "1-0"]
[WhiteElo "2286"]
[BlackElo "2426"]
[TimeControl "180+1"]
[EndTime "11:30:06 PDT"]
[Termination "Hippotaner won by checkmate"]

1. e4 c5 2. Nf3 Nc6 3. Bb5 g6 4.
Bxc6 dxc6 5. d3 Bg7 6. h3 Nf6 7. O-O Nd7 8. Be3 e5 9. Nbd2 Qe7 10. Nc4 O-O 11. a4 f5 12. Qc1 f4 13. Bd2 h6 14.
Bc3 b5 15. axb5 cxb5 16. Na5 b4 17. Bd2 Nb6 18. c3 Ba6 19. Nc6 Qc7 20. Rxa6 Qxc6 21. cxb4 Qb7 22. Ra5 cxb4 23. Bxb4 Rfe8 24. Bc3 Nd7 25.
Qa1 Kh7 26. b4 g5 27. Nxe5 Nxe5 28. Bxe5 Bxe5 29. Rxe5 Qxb4 30. Rxe8 Rxe8 31. Qxa7+ Re7 32. Qa2 f3 33. gxf3 Qd6 34. Qb3 Qd7 35. Kg2 Rf7 36. d4 Rf4 37. Rb1 Qxd4 38. Qb7+ Kg6 39. Rb6+ Kh5 40.
Qc6 Qg7 41. e5 Rf5 42. Qe4 Rf4 43. Qc6 Rf5 44. Qe8+ Kh4 45. Qe6 Rf4 46. Qxh6+ Qxh6 47. Rxh6# 1-0

[Event "*** Titled Tuesday Blitz"]
[Site "Chess.com"]
[Date "2020.04.14"]
[Round "8"]
[White "HElissalt"]
[Black "CalinGheorghiu"]
[Result "0-1"]
[WhiteElo "2172"]
[BlackElo "2344"]
[TimeControl "180+1"]
[EndTime "11:30:06 PDT"]
[Termination "CalinGheorghiu won on time"]

1. d4 Nf6 2. c4 e6 3. Nc3 Bb4 4. e3 O-O 5. Bd3 d5 6. a3 Bxc3+ 7. bxc3 c5 8. Ne2 b6 9. O-O Ba6 10. cxd5 exd5 11. Bxa6 Nxa6 12. Qd3 Nc7 13. a4 Re8 14. f3 a6 15. a5 cxd4 16. cxd4 b5 17. Bd2 Rc8 18. Rac1 Ne6 19. Rxc8 Qxc8 20. Rc1 Qb7 21. Qc3 Qe7 22. Qc6 Qa3 23. g4 h6 24. h4 b4 25. g5 hxg5 26. Ng3 gxh4 27. Nh5 Rf8 28. Nxf6+ gxf6 29. Kf2 Ng5 30. Ke2 b3 31. Qxf6 Nh3 32. Qxh4 Re8 33. Qg3+ Kf8 34. Qxh3 b2 35. Rg1 Qa1 36.
Qf1 Qa4 37. Qb1 Rb8 38. Rh1 Rb3 39. Rh8+ Ke7 40. Rh1 Qc4+ 0-1

[Event "*** Titled Tuesday Blitz"]
[Site "Chess.com"]
[Date "2020.04.14"]
[Round "8"]
[White "Luibov_AN"]
[Black "tandaleo"]
[Result "0-1"]
[WhiteElo "2172"]
[BlackElo "2331"]
[TimeControl "180+1"]
[EndTime "11:30:06 PDT"]
[Termination "tandaleo won by checkmate"]

1. d4 d5 2. Nf3 Nf6 3. c4 e6 4.
Nc3 c6 5. e3 Nbd7 6. cxd5 exd5 7.
Bd3 Be7 8. O-O O-O 9. Ne5 Nxe5 10. dxe5 Nd7 11. f4 Nc5 12. Bc2 f5 13. exf6 Bxf6 14. Qh5 g6 15. Qf3 Bf5 16. Bxf5 gxf5 17. Qh5 Bxc3 18.
bxc3 Ne4 19. c4 dxc4 20. Ba3 c5 21. Rad1 Qf6 22. Rd7 Rf7 23. Rfd1 Rxd7 24. Rxd7 Qa1+ 25. Rd1 Qc3 26. Bc1 Qc2 27. Rf1 Rf8 28. h3 Qd3 29. Qh4 Rf7 30. Re1 c3 31. Kh2 Rg7 32. Qh5 Qd7 33.
Rd1 Qe7 34. Qxf5 h5 35. Qxh5 Ng3 36. Qf3 Nf5 37. Rd3 Nh4 38. Qd5+ Kf8 39. Qh5 Rxg2+ 40. Kh1 Rg8 41. Qh6+ Ke8 42. Qh5+ Kf8 43. Rd5 Qe4+ 44. Kh2 Qg2# 0-1

[Event "*** Titled Tuesday Blitz"]
[Site "Chess.com"]
[Date "2020.04.14"]
[Round "8"]
[White "Spriteball"]
[Black "AVolodin"]
[Result "1-0"]
[WhiteElo "1953"]
[BlackElo "2682"]
[TimeControl "180+1"]
[EndTime "11:30:06 PDT"]
[Termination "Spriteball won on time"]

1. d4 Nf6 2. c4 c5 3. d5 b5 4. cxb5 a6 5. bxa6 Bxa6 6. Nc3 d6 7. e4 Bxf1 8. Kxf1 g6 9. g3 Bg7 10. Kg2 O-O 11. Nf3 Nbd7 12. Qe2 Qa5 13. a4 Rfb8 14. Nd2 Ne8 15. Nc4 Qb4 16. Bd2 Ne5 17. Nxe5 Bxe5 18. Rhb1 Qb3 19. Ra3 Qc2 20. Qd1 Qxd1 21. Nxd1 Nc7 22.
Bc3 f6 23. Bxe5 fxe5 24. Nc3 Rb4 25. Raa1 Kf7 26. f3 Ke8 27. Kf2 Kd7 28. Ke3 e6 29. dxe6+ Nxe6 30. b3 Nd4 31. Nd5 Rb7 32. Ra2 Kc6 33.
b4 cxb4 34. Rxb4 Rba7 35. Rc4+ Kd7 36. Nb6+ Ke6 37. Nxa8 Rxa8 38. a5 Kd7 39. a6 Ne6 40. Rb4 Kc6 41. a7 Kc7 42. Ra6 Nc5 43. Ra5 Nb7 44. Ra1 Nc5 45. f4 1-0

[Event "*** Titled Tuesday Blitz"]
[Site "Chess.com"]
[Date "2020.04.14"]
[Round "8"]
[White "AshotParvanyan"]
[Black "LastHeroJr"]
[Result "0-1"]
[WhiteElo "2576"]
[BlackElo "2557"]
[TimeControl "180+1"]
[EndTime "11:30:07 PDT"]
[Termination "LastHeroJr won on time"]

1. e4 e5 2. Nf3 Nc6 3. Be2 Nf6 4.
Nc3 Bb4 5. Nd5 Ba5 6. c3 Nxe4 7. d3 Nd6 8. b4 Bb6 9. a4 a6 10. O-O Ba7 11. c4 O-O 12. c5 Nf5 13. Bb2 d6 14. b5 Nce7 15. Nxe7+ Qxe7 16. cxd6 cxd6 17. Qd2 Bd7 18.
bxa6 bxa6 19. Ba3 Bc6 20. Rab1 Bxa4 21. h3 Bc6 22. Ng5 Nd4 23. Ne4 Rfd8 24. Bd1 f5 25. Nc3 Kh8 26. Qa2 Qg5 27. Nd5 f4 28. Bc1 Qg6 29. f3 Rd7 30. Kh1 Nf5 31. Nb6 Bxb6 32. Rxb6 Ng3+ 33. Kg1 Nxf1 34. Rxc6 Ne3 35. Bb3 Qxd3 36.
Qf2 Rb8 37. Be6 Rdb7 38. Kh2 Nf1+ 39. Kg1 Ng3 40. Bd2 Qb1+ 0-1

[Event "*** Titled Tuesday Blitz"]
[Site "Chess.com"]
[Date "2020.04.14"]
[Round "8"]
[White "PeterPantz"]
[Black "rynos0411"]
[Result "1-0"]
[WhiteElo "2265"]
[BlackElo "2390"]
[TimeControl "180+1"]
[EndTime "11:30:07 PDT"]
[Termination "PeterPantz won by resignation"]

1. d4 Nf6 2. c4 e6 3. Nc3 Bb4 4. Qc2 d5 5. cxd5 exd5 6. Bg5 O-O 7. Nf3 h6 8. Bxf6 Qxf6 9. e3 c5 10. a3 Bxc3+ 11. Qxc3 b6 12. Rc1 c4 13. Be2 Bg4 14. h3 Bf5 15. O-O Nd7 16. a4 Qd6 17. b3 cxb3 18. Qxb3 Nf6 19. Ne5 Ne4 20. Rc6 Qd8 21.
Qb2 Rc8 22. Rfc1 Qh4 23. Ba6 Rxc6 24. Nxc6 Bd7 25. a5 bxa5 26. Nxa5 g5 27. Rc7 Be6 28.
Bf1 h5 29. g3 Nxg3 30. Rxa7 Nxf1 31. Kxf1 Qxh3+ 32. Ke1 Bg4 33. Qb7 Qh1+ 34. Kd2 Qd1+ 35. Kc3 Rc8+ 36. Kb4 Qb1+ 37. Nb3 Qe1+ 38. Ka3 Rf8 39. Qe7 Qxf2 40. Qxg5+ Kh7 41. Ra6 f6 42. Ra7+ 1-0

[Event "*** Titled Tuesday Blitz"]
[Site "Chess.com"]
[Date "2020.04.14"]
[Round "8"]
[White "swayamsm"]
[Black "Superfelix"]
[Result "1/2-1/2"]
[WhiteElo "2666"]
[BlackElo "2554"]
[TimeControl "180+1"]
[EndTime "11:30:08 PDT"]
[Termination "Game drawn by repetition"]

1. d4 g6 2. Nf3 c6 3. c4 Bg7 4. Nc3 d5 5. Bf4 Nf6 6. e3 O-O 7. Rc1 a6 8. h3 b5 9. cxd5 cxd5 10.
Bd3 Bb7 11. O-O Nbd7 12. Ne5 e6 13. Nxd7 Qxd7 14. Nxb5 axb5 15. Rc7 Qd8 16. Rxb7 Rxa2 17.
Qb3 Ra8 18. Qxb5 Ne8 19. Rc1 Nd6 20. Bxd6 Qxd6 21. Qc6 Qd8 22. Qc7 Qh4 23. b4 Ra2 24. Qg3 Qxg3 25. fxg3 Ra3 26. Rd1 Bh6 27. Kf2 Ra2+ 28.
Kf3 Rc8 29. h4 Rc3 30. g4 Rb3 31. Rb8+ Bf8 32. b5 Kg7 33. Rd8 Be7 34. Rd7 Bxh4 35. g3 Bg5 36. Rc7 Rbb2 37. Rf1 Ra3 38. Rd1 Raa2 39.
Rf1 h6 40. Rcc1 Ra3 41. Rfd1 Raa2 42. Rf1 Bd8 43. Rb1 Rd2 44. Rbd1 Rdb2 45. Rb1 Rd2 46. Rbd1 Rdb2 47. Rde1 Ra3 48. Rd1 Rbb3 49. Ke2 Ba5 50. Rf2 Ra2+ 51. Kf3 Raa3 52. Ke2 Ra2+ 53. Kf1 Raa3 54.
Ke2 1/2-1/2

[Event "*** Titled Tuesday Blitz"]
[Site "Chess.com"]
[Date "2020.04.14"]
[Round "8"]
[White "Oleg_Papayan"]
[Black "Bagirova"]
[Result "1-0"]
[WhiteElo "2358"]
[BlackElo "2198"]
[TimeControl "180+1"]
[EndTime "11:30:08 PDT"]
[Termination "Oleg_Papayan won on time"]

1. e4 c5 2. d4 cxd4 3. c3 d3 4.
Bxd3 g6 5. Nf3 Bg7 6. O-O d6 7. h3 e5 8. Bg5 Ne7 9. Nbd2 O-O 10. Nc4 h6 11. Be3 g5 12. Bc2 d5 13. Ncxe5 Nbc6 14. Nxc6 bxc6 15. Bc5 Be6 16. exd5 cxd5 17. Qd3 Bf5 18.
Qe3 Re8 19. Bxf5 Nxf5 20. Qd3 Qd7 21. Rad1 Rad8 22. Rfe1 Rxe1+ 23. Rxe1 Qc6 24. Bxa7 Nd6 25. Bd4 Ne4 26. Bxg7 Kxg7 27. Rxe4 dxe4 28. Qxd8 exf3 29. Qd4+ f6 30. c4 fxg2 31. Qd5 Qa6 32. a3 Qb6 33. b4 Qa6 34. Qd7+ Kg6 35. Qd3+ Kg7 36. Kxg2 Qc6+ 37.
Qd5 Qa4 38. Qb7+ Kg6 39. Qf3 Kg7 40. c5 Qb5 41. c6 1-0

[Event "*** Titled Tuesday Blitz"]
[Site "Chess.com"]
[Date "2020.04.14"]
[Round "8"]
[White "Bulldog167"]
[Black "druskacik"]
[Result "1-0"]
[WhiteElo "2761"]
[BlackElo "2600"]
[TimeControl "180+1"]
[EndTime "11:30:09 PDT"]
[Termination "Bulldog167 won by resignation"]

1. d4 d5 2. c4 e6 3. Nc3 Nf6 4. cxd5 exd5 5. Bg5 c6 6. e3 Bd6 7. Bd3 h6 8. Bh4 O-O 9. Nge2 a5 10. Bg3 Na6 11. O-O Bg4 12. f3 Be6 13. Qd2 Re8 14. Rae1 Nc7 15. Bb1 b5 16. Rc1 Rc8 17. Nd1 Qd7 18.
Qxa5 b4 19. Bxd6 Qxd6 20. Qc5 Nb5 21. Bd3 Nd7 22. Qc2 Qb8 23. Qd2 c5 24. dxc5 Rxc5 25. Qxb4 Rec8 26. Rxc5 Rxc5 27. Ndc3 Nxc3 28. Qxb8+ Nxb8 29. Nxc3 Nc6 30. Rd1 Kf8 31. Be2 Ke7 32. Kf2 Ne5 33.
Ke1 g5 34. Kd2 Rc8 35. b4 Rb8 36. b5 Nd7 37. a4 Kd6 38. a5 Nc5 39. Rb1 d4 40.
exd4 Nb3+ 41. Ke3 Nxa5 42. Ne4+ Ke7 43. Nc5 Nc4+ 44. Bxc4 Bxc4 45. b6 Kd6 46. b7 Bd5 47. Rb6+ Kc7 48. Rxh6 Bxb7 49. Nxb7 Rxb7 50. Rh5 f6 51. Rh7+ Kc6 52. Rxb7 Kxb7 53. Ke4 1-0

[Event "*** Titled Tuesday Blitz"]
[Site "Chess.com"]
[Date "2020.04.14"]
[Round "8"]
[White "tornikesanikidze"]
[Black "DraskovicL"]
[Result "1-0"]
[WhiteElo "2377"]
[BlackElo "2551"]
[TimeControl "180+1"]
[EndTime "11:30:09 PDT"]
[Termination "tornikesanikidze won by resignation"]

1. d4 Nf6 2. c4 e6 3. Nf3 a6 4. Nc3 d5 5. Bg5 Be7 6. e3 O-O 7. Qc2 Nbd7 8. O-O-O c6 9. Kb1 b5 10. c5 b4 11. Ne2 Ne4 12. Bxe7 Qxe7 13. Ng3 f5 14.
Bd3 a5 15. Ne1 a4 16. f3 b3 17. axb3 axb3 18. Qxb3 Nf2 19. Rf1 Nxd1 20. Qxd1 Ba6 21. Ne2 Rfb8 22. Nc3 Nf6 23. Bxa6 Rxa6 24. Nd3 Qb7 25. Kc2 Ne4 26. fxe4 fxe4 27. Qg4 exd3+ 28. Kxd3 Qc8 29. Rf2 Ra7 30. e4 Qe8 31. Rf6 Re7 32. Kc2 Qc8 33. h4 Qb7 34. Rxe6 Qxb2+ 35. Kd3 Rxe6 36.
Qxe6+ Kh8 37. exd5 Qxg2 38. dxc6 Qf3+ 39. Kc4 Qf1+ 40. Qe2 Qa1 41. c7 Qa6+ 42. Kd5 Qb7+ 43. Kd6 Rc8 44. Nd5 Qb5 45. Qxb5 1-0

[Event "*** Titled Tuesday Blitz"]
[Site "Chess.com"]
[Date "2020.04.14"]
[Round "8"]
[White "Jbd735"]
[Black "Kaua18"]
[Result "1-0"]
[WhiteElo "2430"]
[BlackElo "2259"]
[TimeControl "180+1"]
[EndTime "11:30:09 PDT"]
[Termination "Jbd735 won on time"]

1. e4 c5 2. Nf3 Nc6 3. d4 cxd4 4. Nxd4 Nf6 5. Nc3 e5 6. Ndb5 d6 7. Bg5 a6 8. Na3 Be7 9. Bxf6 Bxf6 10. Nc4 Be7 11. Ne3 O-O 12. a4 Be6 13. Ncd5 Bg5 14. Bd3 Ne7 15. O-O Nxd5 16. Nxd5 f5 17. c4 Bxd5 18.
cxd5 fxe4 19. Bxe4 Rf4 20. Qd3 g6 21. g3 Rf6 22. a5 Qc7 23. h4 Bh6 24. Kg2 Rc8 25.
h5 gxh5 26. Rh1 Qf7 27. Raf1 Rf8 28. Qe2 Bg7 29. Rxh5 h6 30. f3 Qxh5 31. g4 Qg5 32.
Rh1 Rf4 33. Rh5 Qd8 34. Qd3 R8f6 35. Bf5 Qc7 36. Bh7+ Kf8 37. Be4 Rf7 38. Bg6 R7f6 39. Be4 Qc5 40. Qd2 Rf7 41. b4 Qc4 42. Rh1 Rc7 43.
g5 hxg5 44. Rh5 Qc3 45. Qf2 Qd4 46. Qg3 Bf6 47. Qh3 Rg7 48. Qc8+ Kf7 49. Qe6+ 1-0